 Dungeon Crawl Stone Soup version 0.22-a0-113-gdd6f4a9 (webtiles) character file.

117 kuniqs the Shield-Bearer (level 5, -11/47 HPs)
             Began as a Gnoll Fighter on Jan 28, 2018.
             Killed by divine providence
             ... invoked by an orc priest
              (13 damage)
             ... on level 4 of the Dungeon.
             The game lasted 00:03:30 (1965 turns).

kuniqs the Shield-Bearer (Gnoll Fighter)            Turns: 1965, Time: 00:03:31

Health: -11/47     AC: 10    Str: 19    XL:     5   Next: 1%
Magic:  6/6        EV:  8    Int: 11    God:
Gold:   218        SH: 10    Dex: 14    Spells: 6/6 levels left

rFire    . . .     SeeInvis .   a - +0 long sword
rCold    . . .     Gourm    .   c - +0 shield
rNeg     . . .     Faith    .   b - +0 scale mail
rPois    .         Spirit   .   l - +0 helmet
rElec    .         Reflect  .   m - +0 cloak
rCorr    .         Harm     .   (no gloves)
MR       .....                  (no boots)
Stlth    ..........             (no amulet)
HPRegen  0.15/turn              (no ring)
MPRegen  0.10/turn              (no ring)

@: no status effects
A: distributed training, fangs 1, strong nose
a: no special abilities


You were on level 4 of the Dungeon.
You were hungry.

You visited 1 branch of the dungeon, and saw 4 of its levels.

You collected 218 gold pieces.

Inventory:

Hand Weapons
 a - a +0 long sword (weapon)
Armour
 b - a +0 scale mail (worn)
 c - a +0 shield (worn)
 l - a +0 helmet (worn)
 m - a +0 cloak (worn)
Wands
 s - a wand of iceblast (5)
Scrolls
 g - 2 scrolls of teleportation {unknown}
 h - 10 scrolls of identify {unknown}
 k - 6 scrolls of remove curse {unknown}
 q - 2 scrolls of blinking {unknown}
 r - a scroll of enchant weapon {unknown}
Potions
 d - a potion of might
 e - 3 potions of flight {unknown}
 i - 3 potions of curing {unknown}
 j - a potion of resistance {unknown}
 n - a potion of agility {unknown}
 o - a potion of invisibility {unknown}
 p - a potion of haste {unknown}
Comestibles
 f - 5 rations


   Skills:
 + Level 6.6 Fighting
 + Level 1.2 Short Blades
 + Level 4.7 Long Blades
 + Level 1.2 Axes
 + Level 1.2 Maces & Flails
 + Level 1.2 Polearms
 + Level 1.2 Staves
 + Level 1.2 Slings
 + Level 1.2 Bows
 + Level 1.2 Crossbows
 + Level 1.2 Throwing
 + Level 6.6 Armour
 + Level 1.2 Dodging
 + Level 1.2 Stealth
 + Level 6.6 Shields
 + Level 1.2 Unarmed Combat
 + Level 1.2 Spellcasting
 + Level 1.0 Conjurations
 + Level 1.0 Hexes
 + Level 1.0 Charms
 + Level 1.0 Summonings
 + Level 1.0 Necromancy
 + Level 1.0 Translocations
 + Level 1.0 Transmutations
 + Level 1.0 Fire Magic
 + Level 1.0 Ice Magic
 + Level 1.0 Air Magic
 + Level 1.0 Earth Magic
 + Level 1.0 Poison Magic
 + Level 1.4 Invocations
 + Level 1.2 Evocations


You had 6 spell levels left.
You didn't know any spells.

Dungeon Overview and Level Annotations

Branches:
Dungeon (4/15)
 Temple: D:4-7

Altars:
Ashenzari
Kikubaaqudgha
Xom


Innate Abilities, Weirdness & Mutations

Your experience applies equally to all skills.
You have very sharp teeth.
Your uncanny sense of smell can sniff out nearby items.


Message History

You block the bullfrog skeleton's attack.
The orc wizard gestures at you while chanting.
The magic dart hits you!
The orc priest calls upon Beogh to heal the orc wizard.
The orc wizard is healed somewhat.
The orc wizard barely misses you.
You block the bullfrog skeleton's attack.
The orc priest invokes the aid of Beogh against you.
Beogh smites you! The orc wizard barely misses you.
You riposte.
Your shield and scale mail prevent you from hitting the orc wizard.
You bite the orc wizard. The orc wizard casts a spell at you.
The magic dart hits you!
* * * LOW HITPOINT WARNING * * *
The bullfrog skeleton hits you.
* * * LOW HITPOINT WARNING * * *
The orc wizard hits you but does no damage.
The orc priest mumbles some strange prayers to Beogh against you.
Beogh smites you!
You die...

#############
#<..........#
#...........#
##....##...#####
####'##...##..##
#..@..#........#
#.ooZ.'........# ∆
#..>..#........# ##
#.o..##...##..##
♣..♣.♣.♣#♣...##...##..##
♣........oo........#...#
...♣.♣o♣#♣.........#...#
... #..........#..#####
#....
#....##....#..##..##


You could see 2 orc priests, 2 orc wizards, an orc and a bullfrog skeleton.

Vanquished Creatures
  An iguana (D:3)
  A worker ant (D:4)
  An adder (D:3)
  An ooze (D:4)
  2 worms (D:3)
  A dart slug (D:2)
  2 giant cockroaches
  2 goblins
  5 hobgoblins
  5 jackals
  A quokka (D:3)
  6 bats
  A frilled lizard (D:2)
  8 kobolds
  10 rats
47 creatures vanquished.

Vanquished Creatures (others)
  A plant (D:2)
1 creature vanquished.

Grand Total: 48 creatures vanquished

Notes
Turn   | Place    | Note
-------+----------+-------------------------------------------
     0 | D:1      | kuniqs the Gnoll Fighter began the quest for the Orb.
     0 | D:1      | Reached XP level 1. HP: 23/23 MP: 1/1
    85 | D:1      | Reached XP level 2. HP: 29/29 MP: 2/2
   766 | D:2      | Reached XP level 3. HP: 30/35 MP: 3/3
   775 | D:2      | Found a shimmering altar of Xom.
   888 | D:2      | Found a shattered altar of Ashenzari.
   892 | D:2      | Saw a vision of the Swamp and the Spider Nest.
   892 | D:2      | Noticed a redback
   892 | D:2      | Noticed a wolf spider
   892 | D:2      | Noticed a redback
   892 | D:2      | Noticed a wolf spider
   892 | D:2      | Noticed a redback
   892 | D:2      | Noticed a water moccasin
   892 | D:2      | Noticed an alligator
   893 | D:2      | Noticed a redback
   893 | D:2      | Noticed an alligator
   893 | D:2      | Noticed an alligator
   894 | D:2      | Noticed an alligator
   967 | D:2      | Reached skill level 1 in Invocations
  1360 | D:3      | Reached skill level 1 in Short Blades
  1360 | D:3      | Reached skill level 1 in Axes
  1360 | D:3      | Reached skill level 1 in Maces & Flails
  1360 | D:3      | Reached skill level 1 in Polearms
  1360 | D:3      | Reached skill level 1 in Staves
  1360 | D:3      | Reached skill level 1 in Slings
  1360 | D:3      | Reached skill level 1 in Bows
  1360 | D:3      | Reached skill level 1 in Crossbows
  1360 | D:3      | Reached skill level 1 in Throwing
  1360 | D:3      | Reached skill level 1 in Dodging
  1360 | D:3      | Reached skill level 1 in Stealth
  1360 | D:3      | Reached skill level 1 in Unarmed Combat
  1360 | D:3      | Reached skill level 1 in Spellcasting
  1360 | D:3      | Reached skill level 1 in Evocations
  1398 | D:3      | Found an ancient bone altar of Kikubaaqudgha.
  1670 | D:3      | Reached XP level 4. HP: 40/41 MP: 5/5
  1723 | D:4      | Noticed a phantom
  1745 | D:3      | Reached skill level 1 in Conjurations
  1745 | D:3      | Reached skill level 1 in Hexes
  1745 | D:3      | Reached skill level 1 in Charms
  1745 | D:3      | Reached skill level 1 in Summonings
  1745 | D:3      | Reached skill level 1 in Necromancy
  1745 | D:3      | Reached skill level 1 in Translocations
  1745 | D:3      | Reached skill level 1 in Transmutations
  1745 | D:3      | Reached skill level 1 in Fire Magic
  1745 | D:3      | Reached skill level 1 in Ice Magic
  1745 | D:3      | Reached skill level 1 in Air Magic
  1745 | D:3      | Reached skill level 1 in Earth Magic
  1745 | D:3      | Reached skill level 1 in Poison Magic
  1772 | D:3      | Reached XP level 5. HP: 28/47 MP: 6/6
  1963 | D:4      | HP: 1/47 [bullfrog skeleton (6)]
  1965 | D:4      | Killed from afar by an orc priest

Vault maps used:
D:1:      zelgadis_glass_arrival_small
D:2:      old_standard_altar, grunt_ashenzari_visionary
D:3:      lemuel_crystal_altar, first_ration, kennysheep_generic_room_13
D:4:      elyvilon_altar_5, makhleb_blood_cavern_becter, serial_forest,
          infiniplex_forest_clump_diagonal, infiniplex_forest_clump_tiny,
          infiniplex_forest_clump_curved, infiniplex_forest_3_way,
          infiniplex_forest_lined_2, minmay_parallelograms

Skill      XL: |  1  2  3  4 |
---------------+-------------+-----
Invocations    | 1 |  1.4
Short Blades   | 1 |  1.2
Axes           | 1 |  1.2
Maces & Flails | 1 |  1.2
Polearms       | 1 |  1.2
Staves         | 1 |  1.2
Slings         | 1 |  1.2
Bows           | 1 |  1.2
Crossbows      | 1 |  1.2
Throwing       | 1 |  1.2
Dodging        | 1 |  1.2
Stealth        | 1 |  1.2
Unarmed Combat | 1 |  1.2
Spellcasting   | 1 |  1.2
Evocations     | 1 |  1.2
Conjurations   | 1 |  1.0
Hexes          | 1 |  1.0
Charms         | 1 |  1.0
Summonings     | 1 |  1.0
Necromancy     | 1 |  1.0
Translocations | 1 |  1.0
Transmutations | 1 |  1.0
Fire Magic     | 1 |  1.0
Ice Magic      | 1 |  1.0
Air Magic      | 1 |  1.0
Earth Magic    | 1 |  1.0
Poison Magic   | 1 |  1.0
Fighting       | |  6.6
Long Blades    | |  4.7
Armour         | |  6.6
Shields        | |  6.6

Action                   |  1- 3 |  4- 6 || total
-------------------------+-------+-------++-------
Melee: Long sword        |   110 |    25 ||   135
       Bite              |    12 |     6 ||    18
  Eat: Chunk             |     1 |     2 ||     3
Armor: Scale mail        |    51 |    16 ||    67
Dodge: Dodged            |    34 |    14 ||    48
Block: Shield            |    72 |    17 ||    89
       Rpst.: Long sword |    14 |     3 ||    17

Table legend:
 A = Spawn XP
 B = Non-spawn XP
 C = Spawn XP percentage of total XP
 D = Spawn monster count
 E = Non-spawn monster count
 F = Spawn count percentage of total count
 G = Total turns spent on level
                    A         B        C        D         E        F      G
               +---------+---------+-------+---------+---------+-------+---------
         Total |       0 |     168 |   0.0 |       0 |      47 |   0.0 |  1965
               +---------+---------+-------+---------+---------+-------+---------
           D:1 |       0 |      17 |   0.0 |       0 |      12 |   0.0 |   658
           D:2 |       0 |      43 |   0.0 |       0 |      24 |   0.0 |   580
           D:3 |       0 |      67 |   0.0 |       0 |       9 |   0.0 |   605
           D:4 |       0 |      41 |   0.0 |       0 |       2 |   0.0 |   122
               +---------+---------+-------+---------+---------+-------+---------
